 Dungeon Crawl Stone Soup version 0.28-a0-1594-ga885d4b3d6 (webtiles) character file.

Game seed: 7001842084589898276

21407 a3don the Summoner (level 12, -15/54 HPs)
             Began as a Felid Summoner on Jan 21, 2022.
             Was an Initiate of Gozag.
             Killed from afar by a steam dragon (26 damage)
             ... with a ball of steam
             ... on level 2 of the Lair of Beasts.
             The game lasted 01:28:59 (23514 turns).

a3don the Summoner (Felid Summoner)                Turns: 23514, Time: 01:29:00

Health: -15/54     AC:  3    Str:  4    XL:     12   Next: 53%
Magic:  21/24      EV: 24    Int: 20    God:    Gozag
Gold:   2655       SH:  0    Dex: 18    Spells: 9/26 levels left
                                        Lives:  0   Deaths: 3

rFire   . . .      SeeInvis +   (weapon unavailable)
rCold   + . .      Faith    .   (shield unavailable)
rNeg    + . .      Spirit   .   (armour unavailable)
rPois   .          Reflect  .   (helmet unavailable)
rElec   .          Harm     .   (cloak unavailable)
rCorr   .          Rampage  .   (gloves unavailable)
Will    +....                   (boots unavailable)
Stlth   ++........              (no amulet)
HPRegen 0.18/turn               t - ring of positive energy
MPRegen 0.19/turn               (no ring)

@: quick
A: very small, claws 1, fangs 3, see invisible, speed 1, shaggy fur 3, stealthy
paws, no weapons or thrown items, no armour, multi-lived
a: Renounce Religion, Potion Petition, Call Merchant, Bribe Branch


You were on level 2 of the Lair of Beasts.
You worshipped Gozag.
Gozag was most pleased with you.
You visited 4 branches of the dungeon, and saw 16 of its levels.
You also visited: Ossuary.

You collected 3366 gold pieces.
You spent 189 gold pieces at shops.
You paid 522 gold pieces to Gozag.

Inventory:

Jewellery
 j - a ring of ice
 m - a +6 ring of intelligence
 n - a ring of ice
 t - a ring of positive energy (left paw)
 E - a ring of ice
 F - a ring of willpower
Wands
 f - a wand of polymorph (4)
 s - a wand of flame (13)
 v - a wand of iceblast (7)
Scrolls
 a - 4 scrolls of teleportation
 g - a scroll of holy word {unknown}
 l - a scroll of vulnerability {unknown}
 o - a scroll of fear
 p - a scroll of torment {unknown}
 q - 2 scrolls of summoning
 w - a scroll of acquirement {unknown}
 y - a scroll of immolation {unknown}
 A - a scroll of brand weapon {unknown}
 B - a scroll of enchant armour {unknown}
 C - a scroll of amnesia {unknown}
 H - a scroll of fog
 I - a scroll of blinking
Potions
 b - 2 potions of mutation
 c - 2 potions of magic
 d - 4 potions of attraction
 e - a potion of ambrosia
 h - a potion of flight
 i - 2 potions of haste
 k - 2 potions of invisibility
 r - 3 potions of cancellation
 u - 3 potions of lignification
 x - a potion of curing {unknown}
 z - a potion of heal wounds
 D - a potion of berserk rage {unknown}


   Skills:
 + Level 7.5 Fighting
 + Level 10.1 Dodging
 - Level 3.0 Stealth
 + Level 7.6 Spellcasting
 - Level 5.0 Hexes
 + Level 13.9 Summonings
 * Level 4.4 Translocations
 - Level 10.0 Air Magic


You had 9 spell levels left.
You knew the following spells:

 Your Spells              Type           Power      Damage    Failure   Level
a - Summon Small Mammal   Summ           100%       N/A       1%          1
b - Call Imp              Summ           59%        N/A       1%          2
c - Call Canine Familiar  Summ           59%        N/A       1%          3
d - Summon Guardian Gole  Hex/Summ       45%        N/A       1%          3
e - Summon Lightning Spi  Summ/Air       53%        N/A       1%          4
f - Passage of Golubria   Tloc           25%        N/A       14%         4

Your spell library contained the following spells:

 Spells                   Type           Power      Damage    Failure   Level
 Swiftness                Air            47%        N/A       1%          3
 Confusing Touch          Hex            27%        N/A       3%          3
 Tukima's Dance           Hex            27%        N/A       3%          3
 Ensorcelled Hibernation  Hex/Ice        34%        N/A       4%          2
 Foxfire                  Conj/Fire      28%        2x1d5     9%          1
 Inner Flame              Hex/Fire       17%        N/A       10%         3
 Passwall                 Tmut/Erth      5%         N/A       14%         2
 Conjure Flame            Conj/Fire      7%         6-21      26%         3
 Animate Dead             Necr           3%         N/A       65%         4
 Flame Wave               Conj/Fire      7%         2d4       65%         4
 Yara's Violent Unravell  Hex/Tmut       8%         3d5       65%         5
 Blade Hands              Tmut           3%         N/A       94%         5
 Haunt                    Necr/Summ      17%        N/A       99%         7
 Enfeeble                 Hex            13%        N/A       100%        7
 Infestation              Necr           3%         N/A       100%        8
 Portal Projectile        Hex/Tloc       Unusable   N/A       N/A         3
 Excruciating Wounds      Necr           Unusable   N/A       N/A         5

Dungeon Overview and Level Annotations

Branches:
Dungeon (11/15)            Temple (1/1) D:6            Lair (2/6) D:11
    Orc (2/2) D:10            Elf (0/3) Orc:2       Ossuary (visited)
  Swamp: Lair:2-4    Shoals: Lair:2-4     Snake: Lair:2-4    Spider: Lair:2-4

Altars:
Ashenzari
Elyvilon
Gozag
Hepliaklqana
Makhleb
Nemelex Xobeh
Sif Muna
Vehumet
Yredelemnul
Zin
The Shining One
Jiyva

Shops:
D:9 (   Orc:1 [   Lair:2 ?

Annotations:
D:11 3 runed translucent doors, pigah's ghost, journeyman OpAE
Lair:2 5 exclusions


Innate Abilities, Weirdness & Mutations

You have sharp claws.
You have razor-sharp teeth.
You have supernaturally acute eyesight. (SInv)
You cover ground quickly. (Speed+)
Your thick and shaggy fur keeps you warm. (AC +3, rC+)
Your paws help you pounce on unaware monsters.
You are incapable of wielding weapons or throwing items.
You cannot wear armour.
You gain extra lives every three experience levels.


Message History

The ball of steam hits you!
You hear an angry hiss.
The steam dragon misses you. The steam dragon closely misses you.
Casting: Summon Lightning Spire (dangerous; 1% risk of failure)
Confirm with . or Enter, or press ? or * to list all spells.
An electric hum fills the air.
Your wolf is engulfed in a cloud of scalding steam. x2
The steam dragon bites you. The steam dragon closely misses you.
The steam dragon closely misses you. The steam dragon completely misses you.
You see here 18 gold pieces.
What are your orders? t - Meow!
Orders for allies: a - Attack new target. r - Retreat! s - Stop attacking. g - Guard the area. f - Follow me.
Anything else - Cancel.
Gang up on whom?
Press: ? - help, Dir - move target, f - steam dragon
Aim: a steam dragon (ally target) Attack!
Your iron imp hits the steam dragon!
Your wolf completely misses the steam dragon.
Your wolf misses the steam dragon. The steam dragon breathes steam at you.
The ball of steam hits you!!
Your wolf barely misses the steam dragon.
Your iron imp hits the steam dragon.
Your wolf closely misses the steam dragon.
The steam dragon completely misses you. The steam dragon misses you.
Your wolf bites the steam dragon.
Your wolf barely misses the steam dragon.
The steam dragon breathes steam at you. The ball of steam hits you!
* * * LOW HITPOINT WARNING * * *
Your iron imp hits the steam dragon.
Your wolf closely misses the steam dragon.
The steam dragon hisses angrily.
The steam dragon breathes steam at you. The ball of steam hits you!!
You die...
Your body crumbles into a pile of gold.

≈≈P≈..P≈≈ #.§.## $$ ### ≈≈≈≈...≈♣
###.§.## $ $ ≈≈≈≈...≈###..≈§..##
#### ≈≈P≈....##.#..≈..≈# #####
.#...
≈≈≈♣.............≈#####§§.#..##..
≈≈≈♣..........8.D..##D#8§....###.
≈≈≈≈..........[5h.#..#.hD...# ##.
♣≈♣.....###.#....§§.##95....# #..
≈♣.....## ###...@#####.....## #..
#......# ##....8# #.≈..## ##.
......######......# ##.#.# #P.
.......P...#...(.## ##### ##P.
....(...........## #...
P.#.#####.###...# #### ##### ###
#####


You could see a steam dragon (ally target), a friendly wolf (summoned), a
friendly lightning spire (summoned) and a friendly iron imp (summoned).

Vanquished Creatures
  Grinder (D:4)
  A goblin (D:2)
2 creatures vanquished.

Vanquished Creatures (collateral kills)
  2 hydras (Lair:1)
  A boulder beetle (D:7)
  2 two-headed ogres
  3 orc knights (Orc:2)
  2 orc sorcerers (Orc:2)
  A cyclops (D:11)
  Joseph (D:8)
  A komodo dragon (Lair:1)
  4 cane toads
  A kobold demonologist (D:11)
  An unseen horror (D:10)
  12 rime drakes (Lair:2)
  4 trolls
  3 polar bears (Lair:1)
  2 hornets
  5 blink frogs (Lair:2)
  A shadow (D:11)
  2 wraiths
  19 yaks
  A wyvern (D:9)
  A basilisk (Lair:1)
  4 steam dragons (Lair:2)
  Edmund (D:4)
  2 wargs (Orc:2)
  An acid dragon (Lair:2)
  8 water moccasins
  Duvessa (D:5)
  An ice beast (D:5)
  6 orc warriors
  2 sky beasts (D:5)
  2 necrophages (D:8)
  5 wolves (Lair:2)
  2 centaurs
  3 ogres
  2 phantoms
  3 kobold brigands
  9 bullfrogs
  3 scorpions
  A wyvern zombie (D:6)
  2 water moccasin zombies
  Dowan (D:5)
  17 killer bees
  8 wights
  A howler monkey (D:9)
  2 bullfrog zombies (D:5)
  3 centaur zombies
  2 hounds
  2 jellies
  Crazy Yiuf (D:4)
  2 centaur skeletons
  10 orc priests
  2 bullfrog skeletons
  A gnoll shaman (D:8)
  3 iguanas
  A scorpion zombie (D:5)
  13 orc wizards
  2 hound skeletons
  3 mummies
  A howler monkey skeleton (D:7)
  9 adders
  11 gnolls
  2 shadow imps
  A white imp (D:7)
  2 ufetubi
  5 adder zombies (Ossuary)
  5 worms
  A dart slug (D:4)
  44 orcs
  3 endoplasms
  2 giant cockroaches
  2 gnoll zombies (Ossuary)
  3 hobgoblins
  2 jackals (D:2)
  3 quokkas
  3 ball pythons
  6 bats
  6 frilled lizards
  2 goblins
  A goblin zombie (D:5)
  8 hobgoblin zombies
  28 kobolds
  3 kobold zombies (Ossuary)
  7 orc zombies (Ossuary)
  5 rats
  2 butterflies (Lair:2)
368 creatures vanquished.

Vanquished Creatures (others)
  A centaur warrior (D:9)
  A gnoll sergeant (D:9)
  A water moccasin zombie (Ossuary)
  A wyvern zombie (D:5)
  2 killer bees
  Ijyb (D:3)
  An orc wizard (Orc:1)
  A gnoll (D:3)
  An orc (Orc:2)
  5 fungi
  25 plants
40 creatures vanquished.

Grand Total: 410 creatures vanquished

Notes
Turn   | Place    | Note
-------+----------+-------------------------------------------
     0 | D:1      | a3don the Felid Summoner began the quest for the Orb.
     0 | D:1      | Reached XP level 1. HP: 7/7 MP: 4/4
   217 | D:1      | You fall into a shaft and drop 1 floor!
   253 | D:2      | Reached XP level 2. HP: 2/11 MP: 4/6
   545 | D:2      | Learned a level 2 spell: Call Imp
   603 | D:2      | Noticed an ogre
   663 | D:2      | Killed an ogre
   664 | D:2      | Reached skill level 5 in Summonings
   664 | D:2      | Reached XP level 3. HP: 14/14 MP: 1/8
   664 | D:2      | Reached XP level 4. HP: 18/18 MP: 1/10
   868 | D:2      | Learned a level 3 spell: Call Canine Familiar
  1994 | D:3      | Noticed Ijyb
  2003 | D:2      | Learned a level 3 spell: Summon Guardian Golem
  2151 | D:3      | Killed Ijyb
  2152 | D:3      | Reached skill level 1 in Hexes
  2152 | D:3      | Reached XP level 5. HP: 21/21 MP: 11/11
  4180 | D:4      | Gained mutation: You are covered in thick fur. (AC +2)
                  | [Felid growth]
  4180 | D:4      | Reached XP level 6. HP: 25/25 MP: 10/12
  4250 | D:4      | Reached skill level 5 in Hexes
  4300 | D:4      | Identified the +0 robe of Denn {Will+ Str-5 Stlth+}
  4398 | D:4      | Reached skill level 6 in Summonings
  4628 | D:4      | Noticed Edmund
  4640 | D:4      | Killed Edmund
  4641 | D:4      | Reached skill level 7 in Summonings
  4641 | D:4      | Reached XP level 7. HP: 28/28 MP: 4/13
  4656 | D:4      | Noticed Grinder
  4910 | D:4      | Paralysed by Grinder for 3 turns
  5055 | D:4      | Killed Grinder
  5370 | D:4      | Reached skill level 8 in Summonings
  5491 | D:4      | Reached skill level 1 in Air Magic
  5823 | D:4      | Found a runed translucent door.
  5824 | D:4      | Noticed Crazy Yiuf
  5932 | D:4      | Killed Crazy Yiuf
  5995 | D:5      | Entered Level 5 of the Dungeon
  6085 | D:5      | Found a sand-covered staircase.
  6189 | Ossuary  | Entered an ossuary
  6298 | Ossuary  | Reached XP level 8. HP: 30/31 MP: 12/14
  6316 | Ossuary  | Learned a level 4 spell: Summon Lightning Spire
  7138 | D:5      | Reached skill level 9 in Summonings
  8687 | D:5      | Noticed Dowan
  8689 | D:5      | Noticed Duvessa
  8695 | D:5      | Killed Duvessa
  8696 | D:5      | Reached skill level 5 in Air Magic
  8696 | D:5      | Reached XP level 9. HP: 34/34 MP: 8/15
  8698 | D:5      | Killed Dowan
  8813 | D:5      | Identified the +1 robe of Disguise {rF+++ rN++ MP-9 Str-4}
  9122 | D:6      | Reached skill level 10 in Summonings
  9408 | D:6      | Found a staircase to the Ecumenical Temple.
  9594 | Temple   | Entered the Ecumenical Temple
  9676 | Temple   | Became a worshipper of Gozag Ym Sagoz the Greedy
  9760 | D:6      | Noticed a two-headed ogre
  9782 | D:6      | Killed a two-headed ogre
 10438 | D:7      | Paralysed by a hornet for 3 turns
 10440 | D:7      | Slain by a hornet
 10441 | D:7      | Reached XP level 8. HP: -2/31 MP: 10/14
 10467 | D:7      | Reached skill level 11 in Summonings
 10513 | D:7      | Slain by a hornet
 10513 | D:7      | Paralysed by a hornet for 1 turns
 10514 | D:7      | Reached XP level 7. HP: -2/28 MP: 2/13
 10525 | D:7      | Killed a hornet
 10526 | D:7      | Reached XP level 8. HP: 31/31 MP: 8/14
 10764 | D:7      | Noticed a boulder beetle
 10866 | D:7      | Killed a boulder beetle
 11776 | D:8      | Reached XP level 9. HP: 33/34 MP: 9/15
 12005 | D:8      | Noticed Joseph
 12021 | D:8      | Killed Joseph
 12373 | D:8      | Reached skill level 1 in Fighting
 12557 | D:8      | Reached skill level 12 in Summonings
 13780 | D:9      | Noticed a centaur warrior
 13795 | D:9      | Killed a centaur warrior
 13796 | D:9      | Reached XP level 10. HP: 22/41 MP: 10/17
 14281 | D:9      | Found Itryss's Weapon Boutique.
 14561 | D:9      | Reached skill level 5 in Dodging
 14767 | D:9      | Found a broken altar of Ashenzari.
 15478 | D:10     | Entered Level 10 of the Dungeon
 15517 | D:10     | Slain by an unseen horror
 15518 | D:10     | Reached XP level 9. HP: -1/38 MP: 9/16
 15878 | D:10     | Found a staircase to the Orcish Mines.
 15887 | Orc:1    | Entered Level 1 of the Orcish Mines
 16239 | Orc:1    | Found Cisiott's Armour Shop.
 16262 | Orc:1    | Found a burning altar of Makhleb.
 16406 | Orc:2    | Entered Level 2 of the Orcish Mines
 16406 | Orc:2    | Noticed a troll
 16423 | Orc:2    | Reached XP level 10. HP: 29/42 MP: 5/18
 16845 | Orc:2    | Found a staircase to the Elven Halls.
 16874 | Orc:2    | Reached skill level 5 in Spellcasting
 17032 | Orc:2    | Noticed an orc knight
 17049 | Orc:2    | Noticed an orc sorcerer
 17061 | Orc:2    | Killed an orc knight
 17071 | Orc:2    | Killed an orc sorcerer
 17335 | Orc:2    | Noticed an orc knight
 17360 | Orc:2    | Killed an orc knight
 17593 | Orc:2    | Noticed an orc sorcerer
 17601 | Orc:2    | Killed an orc sorcerer
 17643 | Orc:2    | Noticed an orc knight
 17652 | Orc:2    | Killed an orc knight
 17877 | D:10     | Reached skill level 5 in Fighting
 17957 | D:10     | Reached XP level 11. HP: 47/47 MP: 12/20
 18514 | D:10     | Reached skill level 13 in Summonings
 18922 | D:11     | Noticed a two-headed ogre
 18945 | D:11     | Killed a two-headed ogre
 19017 | D:11     | Found a staircase to the Lair.
 19783 | D:11     | Found a runed translucent gate.
 19783 | D:11     | Found a runed translucent gate.
 19784 | D:11     | Found a runed translucent gate.
 19785 | D:11     | Noticed pigah's ghost (journeyman OpAE)
 19949 | D:11     | Found a viscous altar of Jiyva.
 19964 | Lair:1   | Entered Level 1 of the Lair of Beasts
 20322 | Lair:1   | Reached skill level 10 in Air Magic
 20676 | Lair:1   | Noticed a five-headed hydra
 20691 | Lair:1   | Killed a five-headed hydra
 21134 | Lair:1   | Noticed a four-headed hydra
 21155 | Lair:1   | Killed a four-headed hydra
 21156 | Lair:1   | Gained mutation: Your thick and shaggy fur keeps you warm.
                  | (AC +3, rC+) [Felid growth]
 21156 | Lair:1   | Reached XP level 12. HP: 45/53 MP: 11/23
 21376 | Lair:2   | Bought a scroll of identify for 28 gold pieces
 21376 | Lair:2   | Bought a scroll of fog for 28 gold pieces
 21376 | Lair:2   | Bought a scroll of identify for 28 gold pieces
 21376 | Lair:2   | Bought a scroll of blinking for 105 gold pieces
 21907 | Lair:2   | Reached skill level 1 in Translocations
 21931 | Lair:2   | Learned a level 4 spell: Passage of Golubria
 22057 | Lair:2   | Reached skill level 10 in Dodging
 23514 | Lair:2   | Killed from afar by a steam dragon

Illustrated notes

Levels and vault maps discovered:
D:1:      psy_arrival_radial01, layout_basic, basic_ecumenical_altar
D:2:      layout_basic
D:3:      layout_basic, minmay_misc_feat_x, minivault_25, hex_large,
          kennysheep_cross_room, minmay_misc_feat_four_crosses, uniq_ijyb
D:4:      layout_loops_ring, minmay_misc_feat_columns, uniq_edmund,
          uniq_grinder, uniq_crazy_yiuf_cottage
D:5:      layout_layer_cave, nicolae_ossuary_entry_giza, wad_rectangle_vault,
          uniq_duvessa
D:6:      layout_basic, minmay_temple_entry_hall
D:7:      layout_loops_ring, feat_on_display
D:8:      layout_loops_ring, uniq_joseph
D:9:      layout_loops_ring, nicolae_ashenzari_panopticon, serial_shops,
          shop_statue
D:10:     layout_irregular_city
D:11:     layout_roguey, lair_entry_dummy, gammafunk_ghost_ooze
Temple:   mainiacjoe_temple_hex_bubbles
Lair:1:   layout_small_grid, st_stairs_10, cheibrodos_lair_lostbears
Lair:2:   layout_chaotic_city, chequers_serial_rivers_micro_b,
          serial_bayou_ford_a, bobbens_dragon_lair_wall, lemuel_fruit_fields
Orc:1:    layout_caves, serial_shops, shop, basic_altar
Orc:2:    grunt_orc_tribal_feast, layout_diamond_mine

Skill      XL: |  1  2  3  4  5  6  7  8  9 10 11 12 |
---------------+-------------------------------------+-----
Spellcasting   | 3 4 5 6 7 |  7.6
Summonings     | 5 7 8 11 12 13 | 13.9
Stealth        | 3 |  3.0
Hexes          | 1 3 5 |  5.0
Air Magic      | 7 5 9 10 | 10.0
Fighting       | 2 5 6 7 |  7.5
Dodging        | 4 7 9 10 | 10.1
Translocations | 4 |  4.4

Action                   |  1- 3 |  4- 6 |  7- 9 | 10-12 || total
-------------------------+-------+-------+-------+-------++-------
Melee: Unarmed           |     7 |    17 |    21 |    12 ||    57
       Bite              |     2 |     1 |     3 |     1 ||     7
 Cast: Summon Small Mamm |    13 |     5 |     3 |     1 ||    22
       Call Imp          |     4 |    16 |    51 |    27 ||    98
       Call Canine Famil |       |    36 |    96 |    62 ||   194
       Summon Guardian G |       |     5 |    20 |     7 ||    32
       Summon Lightning  |       |       |    27 |    67 ||    94
Invok: Call Merchant     |       |       |       |     1 ||     1
  Use: Scroll            |       |       |     7 |     8 ||    15
       Potion            |       |       |     3 |       ||     3
 Stab: Sleeping          |       |       |     2 |       ||     2
Armor: Skin              |     2 |     2 |     3 |     2 ||     9
Dodge: Dodged            |    22 |    23 |   117 |    88 ||   250

Table legend: (Time is in decaauts)
 A = Elapsed time spent in this place.
 B = Non-inter-level travel time spent in this place.
 C = Inter-level travel time spent in this place.
 D = Time resting spent in this place.
 E = Time spent auto-exploring this place.
 F = Levels seen in this place.
 G = Mean time per level.
                   A        B        C        D        E       F      G
               +--------+--------+--------+--------+--------+-----+--------+
         Total |  21375 |  20947 |    428 |   7100 |   9197 |  17 | 1257.4 |
       Dungeon |  16038 |  15760 |    278 |   5504 |   6909 |  11 | 1458.0 |
        Temple |     96 |     70 |     26 |      0 |     63 |   1 |   96.0 |
          Lair |   3224 |   3185 |     39 |    943 |   1575 |   2 | 1612.0 |
  Orcish Mines |   1560 |   1477 |     83 |    471 |    643 |   2 |  780.0 |
       Ossuary |    456 |    456 |      0 |    182 |      4 |   1 |  456.0 |
               +--------+--------+--------+--------+--------+-----+--------+

Top non-repeatable levels by time:
     D:5: 2279 daAuts
     D:9: 2110 daAuts
     D:3: 2084 daAuts
  Lair:2: 1994 daAuts
     D:2: 1676 daAuts
     D:4: 1509 daAuts
     D:7: 1400 daAuts
     D:8: 1329 daAuts
    D:10: 1322 daAuts
  Lair:1: 1230 daAuts
   Orc:2: 1218 daAuts
    D:11: 1148 daAuts
     D:6: 982 daAuts
 Ossuary: 456 daAuts
   Orc:1: 342 daAuts
